 Dungeon Crawl Stone Soup version 0.28.0-49-g6dfe1f597d (webtiles) character file.

Game seed: 13733084851797542809

819 pkoi the Firebug (level 7, 0/52 HPs)
             Began as a Demigod Fire Elementalist on May 17, 2022.
             Frozen to death by an endoplasm (5 damage)
             ... on level 3 of the Dungeon.
             The game lasted 00:07:52 (7552 turns).

pkoi the Firebug (Demigod Fire Elementalist)        Turns: 7552, Time: 00:07:53

Health: 0/52       AC:  3    Str:  9    XL:     7   Next: 36%
Magic:  7/13       EV: 12    Int: 25    God:
Gold:   197        SH:  5    Dex: 14    Spells: 4/10 levels left

rFire   . . .      SeeInvis .   g - +0 dagger (flame)
rCold   . . .      Faith    .   (no shield)
rNeg    . . .      Spirit   .   a - +1 robe
rPois   .          Reflect  +   (no helmet)
rElec   .          Harm     .   (no cloak)
rCorr   +          Rampage  .   (no gloves)
Will    .....                   (no boots)
Stlth   ++........              i - amulet of reflection
HPRegen 0.17/turn               t - ring of resist corrosion
MPRegen 0.13/turn               (no ring)

@: no status effects
A: high MP 1, forlorn, divine attributes
a: no special abilities


You were on level 3 of the Dungeon.
You visited 1 branch of the dungeon, and saw 5 of its levels.
You also visited: Sewer.

You collected 197 gold pieces.

Inventory:

Hand Weapons
 b - a +0 hand axe
 c - a +0 spear
 d - a +0 vampiric spear
 g - a +0 dagger of flaming (weapon)
 s - a +0 mace of draining
Missiles
 e - 6 poisoned darts
Armour
 a - a +1 robe (worn)
Jewellery
 i - an amulet of reflection (around neck)
 t - a ring of resist corrosion (left hand)
Wands
 f - a wand of acid (4)
 k - a wand of mindburst (20)
 q - a wand of paralysis (6)
 r - a wand of iceblast (3)
Scrolls
 l - 5 scrolls of teleportation
Potions
 h - 3 potions of flight
 j - a potion of lignification
 m - a potion of mutation {unknown}
 n - 2 potions of curing {unknown}
 o - a potion of heal wounds {unknown}
 p - a potion of invisibility {unknown}


   Skills:
 + Level 1.5 Fighting
 + Level 1.5 Armour
 + Level 2.6 Dodging
 - Level 1.7 Stealth
 + Level 2.4 Spellcasting
 * Level 4.5 Conjurations
 + Level 1.5 Hexes
 * Level 5.3 Fire Magic


You had 4 spell levels left.
You knew the following spells:

 Your Spells              Type           Power      Damage    Failure   Level
a - Foxfire               Conj/Fire      100%       2x1d9     1%          1
b - Scorch                Fire           58%        2d7       1%          2
c - Inner Flame           Hex/Fire       20%        N/A       8%          3

Your spell library contained the following spells:

 Spells                   Type           Power      Damage    Failure   Level
 Conjure Flame            Conj/Fire      27%        6-21      4%          3
 Apportation              Tloc           6%         N/A       11%         1
 Flame Wave               Conj/Fire      27%        2d7       14%         4
 Alistair's Intoxication  Tmut/Pois      2%         N/A       96%         5


Dungeon Overview and Level Annotations

Branches:
Dungeon (5/15)              Sewer (visited)
 Temple: D:4-7

Shops:
D:1 [

Annotations:
D:4 Dowan, Duvessa


Innate Abilities, Weirdness & Mutations

You have an increased reservoir of magic. (+10% MP)
You shall have no god before yourself.
Your divine heritage dramatically boosts your attributes as you level up.


Message History

You hit Duvessa but do no damage.
Duvessa is heavily wounded.
Duvessa closely misses you.
You hit Duvessa but do no damage.
Duvessa is heavily wounded.
Duvessa hits you with a +0 short sword.
* * * LOW HITPOINT WARNING * * *
Dowan, Brother of Duvessa comes into view.
He is wielding a +0 dagger.
You closely miss Duvessa.
Dowan shouts!
You punch Duvessa, but do no damage.
Duvessa is heavily wounded.
Duvessa hits you with a +0 short sword!
* * * LOW HITPOINT WARNING * * *
Unknown command.
Dowan hits you with a +0 dagger.
* * * LOW HITPOINT WARNING * * *
Duvessa is no longer more vulnerable to fire.
Duvessa throws a stone.
The stone closely misses you. Dowan hits you with a +0 dagger.
* * * LOW HITPOINT WARNING * * *
Duvessa throws a stone.
The stone hits you.
* * * LOW HITPOINT WARNING * * *
Duvessa throws a stone.
The stone hits you.
* * * LOW HITPOINT WARNING * * *
Duvessa throws a stone.
The stone hits you!
* * * LOW HITPOINT WARNING * * *
Duvessa says, "My weaknesses are his strengths!"
Duvessa throws a stone.
The stone closely misses you.
Duvessa throws a stone.
The stone closely misses you.
There is a stone staircase leading up here.
Duvessa throws a stone.
The stone barely misses you.
You climb upwards.
The endoplasm quivers.
The endoplasm freezes you.
You are frozen.
* * * LOW HITPOINT WARNING * * *
The endoplasm freezes you.
You are frozen.
You die...

## #.. K.. ..# #.##..#
.# #.###.# #.#
#.##..###. ......# .#.#
#.##..#.#.#.#.#..# .#.#
##.##..$..........#
.#.###..##..#.......#..#
.#.##...##.............#
.†.)....<...#..JJ...#..#
#...............@g......
........##.##.......#.##
...........#..........#
.....#.######.#$#.#.#.#
#...##.# ..### .#.# #
...###.# #.## .. ..#
#### #.# #.# ## #.# #
#.# #.# #.# # #.###.#
#.#


You could see 2 endoplasms and a hobgoblin (asleep).

Vanquished Creatures
  Sigmund (D:2)
  A water moccasin (Sewer)
  A sky beast (D:5)
  2 scorpions
  A hound (D:4)
  An iguana (D:5)
  An orc priest (D:3)
  A gnoll shaman (D:4)
  2 orc wizards (D:2)
  5 adders
  5 gnolls
  A worm (D:2)
  A dart slug (D:2)
  6 orcs
  5 endoplasms
  5 giant cockroaches
  5 goblins
  6 hobgoblins
  11 jackals
  4 quokkas
  5 ball pythons
  4 bats
  A frilled lizard (D:1)
  5 kobolds
  10 rats
90 creatures vanquished.

Vanquished Creatures (collateral kills)
  A goblin (D:2)
1 creature vanquished.

Vanquished Creatures (others)
  150 foxfires
150 creatures vanquished.

Grand Total: 241 creatures vanquished

Notes
Turn   | Place    | Note
-------+----------+-------------------------------------------
     0 | D:1      | pkoi the Demigod Fire Elementalist began the quest for the
                  | Orb.
     0 | D:1      | Reached XP level 1. HP: 14/14 MP: 5/5
   160 | D:1      | Reached skill level 1 in Conjurations
   166 | D:1      | Found Guhot's Antique Armour Shop.
   563 | D:1      | Reached skill level 3 in Fire Magic
   563 | D:1      | Reached XP level 2. HP: 6/20 MP: 1/7
  1280 | D:1      | Learned a level 2 spell: Scorch
  1515 | D:1      | Reached XP level 3. HP: 26/26 MP: 5/8
  2757 | D:2      | Noticed Sigmund
  2780 | D:2      | Killed Sigmund
  2781 | D:2      | Reached skill level 4 in Fire Magic
  2781 | D:2      | Reached XP level 4. HP: 19/33 MP: 0/9
  2781 | D:2      | Reached XP level 5. HP: 22/38 MP: 0/10
  3431 | D:2      | Learned a level 3 spell: Inner Flame
  5364 | D:3      | You fall into a shaft and drop 2 floors!
  5364 | D:5      | Entered Level 5 of the Dungeon
  5364 | D:5      | Noticed a sky beast
  5369 | D:5      | Killed a sky beast
  5370 | D:5      | Reached XP level 6. HP: 46/46 MP: 3/12
  5659 | D:5      | Reached skill level 1 in Armour
  5659 | D:5      | Reached skill level 1 in Hexes
  6041 | D:5      | Reached skill level 1 in Fighting
  6041 | D:5      | Reached skill level 5 in Fire Magic
  6280 | D:4      | Noticed Duvessa
  6477 | D:4      | Found a glowing drain.
  6486 | D:4      | Reached XP level 7. HP: 52/52 MP: 7/13
  6569 | Sewer    | Entered a sewer
  7514 | D:4      | Noticed Dowan
  7552 | D:3      | Frozen to death by an endoplasm

Illustrated notes

Levels and vault maps discovered:
D:1:      dpeg_arrival_snail, layout_loops_ring, serial_shops,
          nicolae_shop_stone, hellmonk_ecumenical_altar_crossroads
D:2:      layout_rooms, basic_altar, kennysheep_generic_room_16, uniq_sigmund
D:3:      layout_loops_ring, nzn_wu_jian_council_hall, general_overflow_altar,
          amcnicky_mini_pool_small, st_stairs_4, minmay_diced_spiral
D:4:      layout_loops_ring, minmay_temple_entry_statues_fountains,
          portal_sewer_entry_a, uniq_menkaure, uniq_duvessa
D:5:      cheibrodos_quashed, layout_gridville, uniq_edmund

Skill      XL: |  1  2  3  4  5  6 |
---------------+-------------------+-----
Conjurations   | 1 2 3 4 |  4.5
Fire Magic     | 3 4 5 |  5.3
Dodging        | 2 |  2.6
Spellcasting   | 2 |  2.4
Armour         | 1 |  1.5
Hexes          | 1 |  1.5
Fighting       | 1 |  1.5
Stealth        | |  1.7

Action                   |  1- 3 |  4- 6 |  7- 9 || total
-------------------------+-------+-------+-------++-------
Melee: Hand axe          |     7 |       |       ||     7
       Spear             |    16 |       |       ||    16
       Dagger            |    12 |    36 |    13 ||    61
       Punch             |       |     1 |     1 ||     2
 Cast: Foxfire           |    49 |    17 |    23 ||    89
       Scorch            |    17 |    40 |     9 ||    66
       Inner Flame       |       |       |     6 ||     6
  Use: Scroll            |     3 |     4 |       ||     7
 Stab: Sleeping          |       |     1 |       ||     1
Armor: Robe              |    14 |    11 |     9 ||    34
Dodge: Dodged            |    38 |    46 |    26 ||   110
Block: Other             |       |       |     2 ||     2
